 Dungeon Crawl Stone Soup version 0.26-a0-690-gcb57259078 (webtiles) character file.

Game seed: 13433252571619658387

142306 ringo67 the Spry (level 17, -10/144 HPs)
             Began as a Merfolk Gladiator on Oct 23, 2020.
             Was a High Priest of Ashenzari.
             Killed from afar by a thorn hunter (38 damage)
             ... with a volley of thorns
             ... on level 4 of the Swamp on Oct 24, 2020.
             The game lasted 01:23:02 (52878 turns).

ringo67 the Spry (Merfolk Gladiator)               Turns: 52878, Time: 01:23:03

Health: -10/144    AC: 18    Str: 19    XL:     17   Next: 35%
Magic:  26/26      EV: 45    Int:  8    God:    Ashenzari [*****.]
Gold:   2912       SH: 19    Dex: 17    Spells: 24/28 levels left

rFire    . . .     SeeInvis +   X - +3 trident (curse)
rCold    . . .     Faith    .   u - +0 tower shield (curse)
rNeg     + . .     Spirit   .   F - +0 swamp dragon scales
rPois    +         Reflect  .   e - +2 helmet (curse)
rElec    .         Harm     .   N - +1 cloak
rCorr    .         Rampage  .   C - +0 pair of gloves (curse)
MR       +....     Clarity  +   (boots currently unavailable)
Stlth    ++........             l - amulet of the acrobat
HPRegen  0.34/turn              p - ring of positive energy
MPRegen  0.20/turn              (no ring)

@: about to teleport, acrobat, very quick
A: change form in water, swift swim, stealthy swim
a: Curse Item, Scrying, Transfer Knowledge, Renounce Religion


You were on level 4 of the Swamp.
You worshipped Ashenzari.
Ashenzari was extremely pleased with you.
You visited 5 branches of the dungeon, and saw 28 of its levels.
You also visited: Ice Cave.

You collected 2912 gold pieces.

Inventory:

Hand Weapons
 g - a +3 dagger of venom
 X - a cursed +3 trident (weapon)
Missiles
 c - 16 javelins
 d - a throwing net
 i - 90 poisoned darts (quivered)
 W - an atropa-tipped dart
 Z - 10 curare-tipped darts
Armour
 e - a cursed +2 helmet (worn)
 u - a cursed +0 tower shield (worn)
 C - a cursed +0 pair of gloves (worn)
 F - +0 swamp dragon scales (worn)
 N - a +1 cloak (worn)
 Q - a cursed +2 pair of boots of flying (melded)
 U - a +4 plate armour
Jewellery
 l - an amulet of the acrobat (around neck)
 p - a ring of positive energy (left hand)
Wands
 k - a wand of digging (21)
 w - a wand of acid (37)
 y - a wand of disintegration (11)
 J - a wand of paralysis (26)
 K - a wand of iceblast (32)
 M - a wand of flame (67)
 T - a wand of polymorph (22)
 Y - a wand of enslavement (14)
Scrolls
 b - 2 scrolls of magic mapping
 f - 3 scrolls of immolation
 h - a scroll of brand weapon
 j - 5 scrolls of amnesia
 m - a scroll of enchant armour
 o - 5 scrolls of enchant weapon
 q - 3 scrolls of fog
 r - 12 scrolls of identify
 s - 3 scrolls of blinking
 A - 4 scrolls of teleportation
 E - a scroll of remove curse
 O - 2 scrolls of vulnerability
 R - a scroll of silence
Potions
 a - a potion of berserk rage
 n - 5 potions of curing
 t - 9 potions of lignification
 v - 2 potions of might
 x - 3 potions of brilliance
 z - 6 potions of magic
 B - 6 potions of flight
 D - a potion of stabbing
 G - a potion of invisibility
 H - 2 potions of ambrosia
 I - 3 potions of resistance
 L - 5 potions of mutation
 P - 2 potions of haste
 S - 3 potions of cancellation
 V - 3 potions of heal wounds


   Skills:
 + Level 16.1 Fighting
 - Level 13.0(16.6) Polearms
 - Level 2.0 Throwing
 + Level 10.4(12.9) Armour
 + Level 18.8(20.7) Dodging
 + Level 12.0(14.4) Shields
 - Level 6.0 Spellcasting
 - Level 7.8 Summonings
 - Level 2.0 Ice Magic


You had 24 spell levels left.
You knew the following spells:

 Your Spells              Type           Power        Failure   Level
a - Summon Ice Beast      Ice/Summ       ##......     88%         4

Your spell library contained the following spells:

 Spells                   Type           Power        Failure   Level
 Summon Small Mammal      Summ           ###.         5%          1
 Call Imp                 Summ           ###.....     9%          2
 Call Canine Familiar     Summ           ###.....     17%         3
 Summon Guardian Golem    Hex/Summ       #.......     63%         3
 Animate Skeleton         Necr           #.....       80%         1
 Beastly Appendage        Tmut           #.....       80%         1
 Foxfire                  Conj/Fire      #...         80%         1
 Pain                     Necr           #...         80%         1
 Corpse Rot               Necr/Air       N/A          91%         2
 Wereblood                Tmut           #.......     91%         2
 Summon Lightning Spire   Summ/Air       #.......     95%         4
 Confusing Touch          Hex            #.......     99%         3
 Conjure Flame            Conj/Fire      #.......     99%         3
 Gell's Gravitas          Tloc           #.........   99%         3
 Inner Flame              Hex/Fire       #.......     99%         3
 Spider Form              Tmut/Pois      #.........   99%         3
 Stone Arrow              Conj/Erth      #.....       99%         3
 Vampiric Draining        Necr           #.........   99%         3
 Animate Dead             Necr           #.........   100%        4
 Ice Form                 Ice/Tmut       #.......     100%        4
 Petrify                  Tmut/Erth      #.......     100%        4
 Sticky Flame             Conj/Fire      #.......     100%        4
 Agony                    Necr           #.......     100%        5
 Blade Hands              Tmut           #.........   100%        5
 Fireball                 Conj/Fire      #.........   100%        5
 Metabolic Englaciation   Hex/Ice        #.........   100%        5
 Summon Forest            Summ/Tloc      #.........   100%        5
 Yara's Violent Unravell  Hex/Tmut       #.........   100%        5
 Eringya's Noxious Bog    Tmut/Pois      #.........   100%        6
 Hydra Form               Tmut           #.........   100%        6
 Summon Hydra             Summ           ###.......   100%        7


Dungeon Overview and Level Annotations

Branches:
Dungeon (15/15)            Temple (1/1) D:6            Lair (6/6) D:8
  Swamp (4/4) Lair:4        Snake (0/4) Lair:3        Slime (0/5) Lair:5
    Orc (2/2) D:12            Elf (0/3) Orc:2        Vaults (0/5) D:14
 Depths (0/5) D:15          IceCv (visited)

Altars:
Ashenzari
Cheibriados
Dithmenos
Elyvilon
Fedhas
Hepliaklqana
Kikubaaqudgha
Nemelex Xobeh
Okawaru
Qazlal
Ru
Sif Muna
Trog
Vehumet
Wu Jian
Xom
Yredelemnul
Zin
The Shining One
Jiyva

Shops:
D:5 [   Orc:2 }*!!

Annotations:
D:14 2 transporters, Eshrimu's ghost, journeyman DEAE


Message History

You block the five-headed hydra's attack. x2
The five-headed hydra bites you but does no damage.
The tentacled monstrosity tentacle-slaps you!
* * * LOW HITPOINT WARNING * * *
The tentacled monstrosity misses you.
The tentacled monstrosity tentacle-slaps you but does no damage.
The tentacled monstrosity constricts you.
Press: ? - help, Dir - move target cursor, p - tentacled monstrosity You escape the tentacled monstrosity's grasp.
As you read the scroll of blinking, it crumbles to dust.
As you read the scroll of teleportation, it crumbles to dust.
You feel strangely unstable.
A thorn hunter comes into view.
The thorn hunter gestures.
Thorny briars emerge from the ground!
Your legs become a tail as you enter the water.
Your cursed +2 pair of boots of flying melds into your body.
The thorn hunter fires a volley of thorns at you.
The volley of thorns hits you!!!
You die...

**≈ ,*≈≈≈♣≈.♣♣..≈≈F{...≈≈≈.♣
* , , ≈ ≈≈≈..≈≈≈.≈.≈♣§..§≈♣♣
≈ ≈≈ ≈≈≈♣≈≈..≈≈.^≈...≈♣♣ ≈
≈* ≈≈≈≈♣..≈f≈.≈.≈.♣♣♣♣ , ≈ ≈
≈≈ ♣♣♣♣♣≈≈≈.♣♣♣♣♣≈♣♣ * * ,
.≈♣♣..≈≈≈≈(♣♣♣♣♣♣.<♣♣♣♣♣ **
*≈≈≈......≈≈≈≈≈(≈≈♣♣≈≈≈≈≈≈..
* ≈ .≈§...≈≈≈≈≈≈.(≈[<)≈≈≈≈≈≈
≈ ≈ .♣♣.@≈...D.X≈.[≈≈≈..≈ ≈
, , ** ♣♣♣≈.≈≈.≈...)..≈≈≈♣
≈^ ≈ ♣♣≈≈≈≈.≈≈..♣♣..≈≈ ≈ ≈ ≈
≈ ♣.≈≈≈≈≈≈.♣♣♣.≈≈≈ ≈ ≈ *


♣PPPPPP≈≈.♣ ♣≈.≈≈ ≈ ≈≈, , ♣♣♣PPPPP≈.♣ ♣...≈ ≈ * ** ♣♣♣♣≈≈≈≈♣ ♣♣♣♣♣ ,, , * ≈
♣♣.≈♣♣ * ** ♣♣♣♣ You could see a tentacled monstrosity, a thorn hunter and a
five-headed hydra.

Vanquished Creatures
  Rupert (D:11)
  A reaper (IceCv)
  Nessos (D:13)
  Azrael (D:13)
  Snorg (Lair:2)
  Josephine (D:15)
  An ogre mage (D:15)
  2 boulder beetles
  Fannar (D:12)
  24 slime creatures
  A shambling mangrove (Swamp:1)
  16 hydras
  A death knight (D:12)
  A ghost crab (Swamp:2)
  6 death yaks (Lair:6)
  A tengu warrior (D:13)
  2 dancing weapons (D:14)
  7 two-headed ogres
  11 alligators
  3 catoblepae (Lair:6)
  3 orc high priests (Orc:2)
  Urug (D:11)
  4 unseen horrors
  A wizard (D:15)
  A lindwurm (Swamp:4)
  2 spriggan druids
  3 swamp dragons
  6 orc knights
  2 deep elf magi
  A phantasmal warrior (D:12)
  A cyclops (D:10)
  7 orc sorcerers
  10 ugly things
  2 manticores (Lair:6)
  3 oklob plants
  17 elephants
  2 black mambas
  Maurice (D:9)
  2 naga magi (D:15)
  2 ice statues (IceCv)
  A black mamba (shapeshifter) (D:14)
  25 cane toads
  A gargoyle (D:10)
  Joseph (D:7)
  Maggie (D:6)
  A kobold demonologist (D:11)
  15 komodo dragons
  A yaktaur (D:15)
  2 rime drakes (Lair:6)
  A freezing wraith (D:12)
  8 ice devils (IceCv)
  7 trolls
  3 meliai (D:13)
  3 polar bears
  12 tyrant leeches
  6 bog bodies
  10 hornets
  23 blink frogs
  5 spriggans
  A centaur simulacrum (D:14)
  5 shadows
  A vampire (D:11)
  66 yaks
  A yak (shapeshifter) (D:13)
  8 wyverns
  3 fire elementals (D:13)
  9 wraiths
  Eustachio (D:5)
  A steam dragon (D:11)
  7 basilisks
  4 vampire mosquitoes
  An acid dragon (D:12)
  11 swamp worms
  4 wargs
  6 nagas (Lair:3)
  A soldier ant (D:15)
  Menkaure (D:7)
  14 water moccasins
  3 hell hounds (D:13)
  Duvessa (D:3)
  11 swamp drakes
  29 orc warriors
  5 sky beasts
  7 black bears
  An eye of draining (D:12)
  2 ice beasts
  2 necrophages
  30 wolves
  18 centaurs
  5 phantoms
  12 ogres
  A big kobold (D:11)
  Blork the orc (D:4)
  A gnoll sergeant (D:7)
  3 wyvern zombies
  20 bullfrogs
  Dowan (D:4)
  2 water moccasin skeletons
  4 scorpions
  11 killer bees
  7 wights
  An electric eel (D:11)
  7 howler monkeys
  4 bullfrog zombies
  2 quasits
  Crazy Yiuf (D:4)
  A centaur skeleton (D:8)
  3 hounds
  6 jellies
  6 centaur zombies
  19 orc priests
  A gnoll shaman (D:5)
  35 orc wizards
  4 bullfrog skeletons
  Jessica (D:2)
  6 iguanas
  10 worker ants
  A killer bee zombie (D:5)
  2 hound zombies
  2 hound skeletons
  A worker ant zombie (D:5)
  14 adders
  13 gnolls
  A howler monkey skeleton (D:8)
  5 shadow imps
  10 white imps
  10 ufetubi
  19 oozes
  An adder skeleton (D:5)
  An adder zombie (D:6)
  6 worms
  6 dart slugs
  6 leopard geckos
  98 orcs
  15 bats
  6 giant cockroaches
  18 goblins
  17 hobgoblins
  8 jackals
  3 quokkas
  2 ball pythons
  6 frilled lizards
  A giant cockroach zombie (D:5)
  2 jackal zombies (D:5)
  19 kobolds
  A quokka skeleton (D:6)
  4 rats
1007 creatures vanquished.

Vanquished Creatures (collateral kills)
  A komodo dragon (D:13)
  A fire elemental (D:13)
2 creatures vanquished.

Vanquished Creatures (others)
  A kobold demonologist (D:11)
  A hornet (Swamp:4)
  3 blink frogs
  A sky beast (D:11)
  A hound (D:11)
  7 white imps (IceCv)
  An ufetubus (IceCv)
  An orc (Orc:2)
  A quokka (D:11)
  36 fungi
  56 plants
109 creatures vanquished.

Grand Total: 1118 creatures vanquished

Notes
Turn   | Place    | Note
-------+----------+-------------------------------------------
     0 | D:1      | ringo67 the Merfolk Gladiator began the quest for the Orb.
     0 | D:1      | Reached XP level 1. HP: 16/16 MP: 1/1
   156 | D:1      | Reached XP level 2. HP: 23/23 MP: 2/2
   312 | D:1      | Reached skill level 5 in Polearms
   513 | D:1      | Reached XP level 3. HP: 28/28 MP: 3/3
  1166 | D:2      | Noticed Jessica
  1168 | D:2      | Killed Jessica
  1168 | D:2      | Reached skill level 1 in Armour
  1168 | D:2      | Reached XP level 4. HP: 34/34 MP: 4/4
  1361 | D:2      | Found a sacrificial altar of Ru.
  2490 | D:3      | Reached XP level 5. HP: 41/41 MP: 5/5
  2797 | D:3      | Reached skill level 5 in Dodging
  3216 | D:3      | Reached XP level 6. HP: 47/47 MP: 6/6
  3582 | D:4      | Noticed Dowan
  3646 | D:4      | Killed Dowan
  3862 | D:4      | Noticed Duvessa
  3918 | D:3      | HP: 1/48 [Duvessa/+0 rapier of speed (4)]
  3919 | D:3      | Killed Duvessa
  3919 | D:3      | Reached XP level 7. HP: 2/54 MP: 7/7
  4449 | D:4      | Found a white marble altar of Elyvilon.
  4495 | D:4      | Found a runed translucent door.
  4496 | D:4      | Noticed Crazy Yiuf
  4719 | D:4      | Found a shimmering blue altar of Sif Muna.
  4739 | D:4      | Found a shadowy altar of Dithmenos.
  4761 | D:4      | Noticed Blork the orc
  4778 | D:4      | Killed Blork the orc
  4778 | D:4      | Reached skill level 6 in Dodging
  5208 | D:4      | Killed Crazy Yiuf
  5475 | D:5      | Entered Level 5 of the Dungeon
  5485 | D:5      | Found Xathru's Antique Armour Boutique.
  5525 | D:6      | Noticed Eustachio
  5636 | D:5      | Killed Eustachio
  5636 | D:5      | Reached XP level 8. HP: 48/61 MP: 8/8
  5896 | D:6      | Reached skill level 5 in Fighting
  6033 | D:6      | Found a hazy altar of Hepliaklqana.
  6128 | D:6      | Noticed Maggie
  6141 | D:6      | HP: 3/62 [acid (13)]
  6148 | D:6      | Killed Maggie
  6148 | D:6      | Reached skill level 10 in Polearms
  6148 | D:6      | Reached skill level 7 in Dodging
  6445 | D:6      | Found a staircase to the Ecumenical Temple.
  6463 | Temple   | Entered the Ecumenical Temple
  6521 | Temple   | Became a worshipper of Ashenzari the Shackled
  6830 | D:7      | Noticed Joseph
  6891 | D:7      | Killed Joseph
  6891 | D:7      | Reached XP level 9. HP: 31/69 MP: 9/9
  7710 | D:7      | Reached skill level 8 in Dodging
  8782 | D:7      | Noticed a cyan ugly thing
  8813 | D:7      | Reached skill level 1 in Shields
  8822 | D:7      | Killed a cyan ugly thing
  8827 | D:7      | Reached skill level 9 in Dodging
  9037 | D:7      | Noticed Menkaure
  9441 | D:7      | Got the uncursed scale mail of Exclusion {+Inv rF++ Str+4
                  | Dex+2}
  9452 | D:7      | Identified the +2 scale mail of Exclusion {+Inv rF++ Str+4
                  | Dex+2} (You found it on level 7 of the Dungeon)
  9576 | D:7      | Reached XP level 10. HP: 70/79 MP: 10/10
 10347 | D:7      | Killed Menkaure
 10662 | D:7      | Found a hazy altar of Hepliaklqana.
 10948 | D:8      | Found a staircase to the Lair.
 11008 | D:7      | HP: 4/80 [yak (12)]
 11015 | D:7      | HP: 2/80 [poisoned by a water moccasin]
 11022 | D:6      | HP: 2/80 [poisoned by a water moccasin]
 11395 | D:7      | Reached skill level 5 in Armour
 12160 | D:5      | Identified the +1 buckler of Pessimism {rPois rF+ Str-5
                  | Dex+5}
 12570 | D:5      | Identified the +1 robe "Dowa" {Harm Rampage rCorr Int-4}
 12769 | D:8      | Reached skill level 10 in Dodging
 13356 | D:8      | Noticed a two-headed ogre
 13391 | D:8      | Killed a two-headed ogre
 13669 | D:8      | Found a sparkling altar of Nemelex Xobeh.
 13769 | D:8      | Reached skill level 5 in Shields
 13769 | D:8      | Reached XP level 11. HP: 74/87 MP: 11/11
 14011 | D:9      | Noticed a two-headed ogre
 14044 | D:9      | Killed a two-headed ogre
 14044 | D:9      | Reached skill level 11 in Dodging
 14364 | D:9      | Reached * piety under Ashenzari
 14468 | D:9      | Noticed Maurice
 14493 | D:9      | Killed Maurice
 14709 | D:10     | Entered Level 10 of the Dungeon
 16733 | Lair:1   | Entered Level 1 of the Lair of Beasts
 16733 | Lair:1   | Noticed an oklob plant
 17823 | Lair:1   | Reached skill level 10 in Fighting
 18171 | Lair:1   | Noticed a seven-headed hydra
 18179 | Lair:1   | Killed a seven-headed hydra
 18179 | Lair:1   | Reached skill level 12 in Dodging
 18179 | Lair:1   | Reached XP level 12. HP: 77/97 MP: 12/12
 19867 | Lair:2   | Reached ** piety under Ashenzari
 20303 | Lair:2   | Learned a level 4 spell: Summon Ice Beast
 20323 | Lair:2   | Noticed an eight-headed hydra
 20346 | Lair:2   | Killed an eight-headed hydra
 20704 | Lair:2   | Reached skill level 13 in Dodging
 22367 | Lair:3   | Reached XP level 13. HP: 106/106 MP: 13/13
 22446 | Lair:3   | Reached skill level 1 in Summonings
 22839 | Lair:3   | Reached skill level 1 in Spellcasting
 23165 | Lair:3   | Noticed Snorg
 23529 | Lair:3   | Found a staircase to the Snake Pit.
 23648 | Lair:3   | Reached *** piety under Ashenzari
 24702 | Lair:4   | Found a staircase to the Swamp.
 25436 | Lair:4   | Reached skill level 14 in Dodging
 26023 | Lair:5   | Found a staircase to the Slime Pits.
 26024 | Lair:5   | Found a viscous altar of Jiyva.
 26100 | Lair:5   | Reached **** piety under Ashenzari
 27031 | Lair:6   | Entered Level 6 of the Lair of Beasts
 27342 | Lair:6   | Reached XP level 14. HP: 116/116 MP: 20/20
 27350 | Lair:6   | Reached skill level 5 in Summonings
 27912 | Lair:6   | Reached skill level 5 in Spellcasting
 28020 | Lair:6   | Reached skill level 15 in Dodging
 30578 | Lair:6   | Reached skill level 1 in Ice Magic
 31506 | Lair:2   | Killed Snorg
 32256 | D:11     | Found a frozen archway.
 32271 | IceCv    | Entered an ice cave
 34025 | IceCv    | Noticed a reaper
 34083 | IceCv    | Killed a reaper
 35110 | D:11     | Reached skill level 16 in Dodging
 35236 | D:11     | Reached XP level 15. HP: 109/125 MP: 24/24
 35877 | D:11     | Noticed Urug
 36148 | D:11     | Killed Urug
 36848 | D:12     | Noticed Rupert
 36880 | D:11     | Paralysed by a hornet for 1 turns
 36913 | D:11     | Paralysed by Rupert for 7 turns
 36926 | D:11     | Paralysed by Rupert for 2 turns
 37398 | D:12     | Found a staircase to the Orcish Mines.
 38057 | D:11     | Killed Rupert
 38227 | Orc:1    | Entered Level 1 of the Orcish Mines
 38258 | Orc:1    | Noticed Fannar
 38471 | D:12     | Killed Fannar
 38936 | Orc:2    | Entered Level 2 of the Orcish Mines
 39496 | Orc:2    | Found a staircase to the Elven Halls.
 40685 | Orc:2    | Reached skill level 17 in Dodging
 41123 | Orc:2    | Paralysed by an orc sorcerer for 6 turns
 41274 | Orc:2    | Reached skill level 10 in Shields
 41334 | Orc:2    | Found Dolum's Distillery.
 41334 | Orc:2    | Found Gomasewn's Gadget Shoppe.
 41335 | Orc:2    | Found Dampe's Distillery.
 41335 | Orc:2    | Found Williama's Assorted Antiques.
 41758 | D:13     | Noticed Azrael
 41779 | D:13     | Killed Azrael
 42282 | D:13     | Reached XP level 16. HP: 89/134 MP: 25/25
 42528 | D:13     | Noticed Nessos
 42550 | D:13     | Killed Nessos
 42949 | D:14     | Found a gate to the Vaults.
 43416 | D:14     | Reached skill level 15 in Fighting
 43564 | D:14     | Noticed Eshrimu's ghost (journeyman DEAE)
 43565 | D:14     | Identified the cursed +2 great mace of the Slashing Badger
                  | {chaos, Str+4}
 43565 | D:14     | Identified the cursed +0 scale mail of Ashenzari's Outrage
                  | {rCorr Int+4 Dex-3 SInv}
 43566 | D:14     | Identified the +7 giant club "Demon's Curse" {antimagic,
                  | +Inv Dex+9 Stlth+}
 43569 | D:14     | Found a transporter.
 43569 | D:14     | Identified the cursed +1 morningstar of Guydiugg {vamp,
                  | *Noise rElec rF+++ MP+9}
 43571 | D:14     | Found a bloodstained altar of Trog.
 43586 | D:14     | Found a transporter.
 43938 | D:15     | Entered Level 15 of the Dungeon
 44629 | D:15     | Noticed Josephine
 44661 | D:15     | Killed Josephine
 44701 | D:15     | Found a staircase to the Depths.
 44840 | D:15     | Identified the cursed +0 mace of Yngant {venom, Str+2}
 44840 | D:15     | Identified the +8 hunting sling "Noamux" {venom, Int+4}
 44840 | D:15     | Identified the +11 falchion "Veforelu" {pain, Str+6 Int-2}
 45306 | Swamp:1  | Entered Level 1 of the Swamp
 46259 | Swamp:1  | Reached skill level 18 in Dodging
 46282 | Swamp:1  | Reached ***** piety under Ashenzari
 47352 | Swamp:2  | Reached skill level 10 in Armour
 47658 | Swamp:2  | Paralysed by a hornet for 2 turns
 48240 | Swamp:2  | Reached XP level 17. HP: 143/143 MP: 26/26
 50440 | Swamp:4  | Entered Level 4 of the Swamp
 52845 | Swamp:4  | Noticed a tentacled monstrosity
 52878 | Swamp:4  | Killed from afar by a thorn hunter

Illustrated notes

Levels and vault maps discovered:
D:1:      minmay_arrival_wavy_path, layout_loops_ring, minmay_heptomino_l4
D:2:      minmay_chambers_of_twos, layout_basic, minmay_misc_feat_diagonals,
          nicolae_ru_path_of_blood, uniq_jessica
D:3:      layout_basic
D:4:      layout_gridville, elyvilon_altar_1, gammafunk_temple_overflow_statue,
          uniq_crazy_yiuf_cottage, uniq_duvessa, uniq_blork_the_orc
D:5:      corexii_shantytown, layout_basic, serial_shops,
          nicolae_shop_overgrown_old_shop, water_boxes_lemuel
D:6:      layout_cave_pools, temple_hall, basic_altar, uniq_maggie,
          uniq_eustachio
D:7:      minmay_the_grid_triangle_9x9_recursive_2
          [minmay_the_grid_triangle_9x9_prize_center,
          minmay_the_grid_triangle_9x9_zippers_horizontal,
          minmay_the_grid_triangle_9x9_pentomino_pain,
          minmay_the_grid_triangle_9x9_skeleton], layout_basic,
          lemuel_coloured_pillars_altar, uniq_joseph, uniq_menkaure
D:8:      layout_loops_ring, minmay_lair_entry_grove, minmay_stone_trees_small,
          nemelex_dance_club_becter
D:9:      layout_roguey, uniq_maurice
D:10:     layout_cave_pools
D:11:     layout_rooms, portal_ice_cave_entry_pillars_1, serial_bayou_pond_b,
          minmay_bent, uniq_urug
D:12:     layout_rooms, orc_david_3, grunt_potential, uniq_rupert
D:13:     layout_basic, solitary_fountain, uniq_azrael, uniq_nessos
D:14:     layout_basic, erik_vaults_1, serial_bayou_pond_e,
          gammafunk_ghost_wrathful_warriors
D:15:     grunt_enter_depths_magical_seal, layout_rooms, serial_park_tiny_2,
          uniq_josephine
Temple:   regret_index_temple_mists
Lair:1:   layout_small_grid, grunt_forest_large_clearing_hut, lemuel_fruit_tree,
          serial_bayou_shore_b, minmay_lair_oklob_chamber
Lair:2:   layout_chaotic_city, beast_lair_carwin_5, lemuel_fruit_fields
Lair:3:   lemuel_slime, layout_cave_shapes, minmay_snake_entry_guardpost_large,
          uniq_snorg
Lair:4:   layout_regular_city, swamp_mist
Lair:5:   layout_big_grid, slime_altar_1
Lair:6:   evilmike_catoblepas_cave, layout_gridlike, roderic_batcave
Swamp:1:  layout_basic_swamp, evilmike_swamp_ruin_rubble_1, swamp_pool1
Swamp:2:  layout_falls_marsh, hangedman_swamp_ruin_wall, hangedman_swamp_cone,
          swamp_pool5, st_swamp_ruins_1
Swamp:3:  layout_basic_swamp, evilmike_swamp_ruin_house_2,
          infiniplex_staircase_pool
Swamp:4:  swamp_alternative, layout_basic_swamp, swamp_pool1, grunt_witch_cave
Orc:1:    layout_caves, uniq_fannar
Orc:2:    st_orc_elflike, layout_caves

Skill      XL: |  1  2  3  4  5  6  7  8  9 10 11 12 13 14 15 16 17 |
---------------+----------------------------------------------------+-----
Polearms       | 5 6 7 9 11 12 13 | 13.0
Armour         | 1 2 3 4 5 6 7 8 9 10 | 10.4
Fighting       | 3 4 6 7 8 10 11 12 13 14 15 16 | 16.1
Dodging        | 5 6 7 9 10 12 13 14 16 17 18 | 18.8
Shields        | 2 5 6 8 10 11 12 | 12.0
Summonings     | 4 7 |  7.8
Spellcasting   | 4 6 |  6.0
Ice Magic      | 2 |  2.0
Throwing       | |  2.0

Action                   |  1- 3 |  4- 6 |  7- 9 | 10-12 | 13-15 | 16-18 || total
-------------------------+-------+-------+-------+-------+-------+-------++-------
Melee: Trident           |   125 |   206 |    76 |   834 |  3660 |  1622 ||  6523
       Dagger            |       |     8 |   362 |   720 |       |       ||  1090
       Tailslap          |       |       |       |     4 |       |   191 ||   195
Throw: Dart              |       |     8 |     5 |     4 |    38 |     5 ||    60
       Throwing net      |       |     3 |       |       |       |       ||     3
       Javelin           |       |       |       |     5 |     3 |       ||     8
Invok: Curse Item        |       |       |     3 |     1 |     2 |     1 ||     7
 Abil: Stop Flying       |       |       |       |       |       |     1 ||     1
Evoke: Wand              |       |     2 |     1 |     1 |     1 |       ||     5
  Use: Potion            |       |     5 |     3 |       |     2 |     3 ||    13
       Scroll            |       |     1 |    10 |     1 |    20 |     6 ||    38
 Stab: Sleeping          |     1 |       |       |       |       |       ||     1
       Distracted        |       |       |       |     1 |     1 |       ||     2
       Petrified         |       |       |       |       |    14 |       ||    14
       Confused          |       |       |       |       |       |     6 ||     6
Armor: Leather armour    |    22 |       |       |       |       |       ||    22
       Ring mail         |    16 |    28 |       |       |       |       ||    44
       Chain mail        |       |    38 |    90 |       |       |       ||   128
       Skin              |       |     4 |       |       |       |     1 ||     5
       Acid dragon scale |       |       |    73 |       |       |       ||    73
       Scale mail        |       |       |     3 |   303 |   491 |   128 ||   925
       Plate armour      |       |       |       |       |       |    78 ||    78
       Swamp dragon scal |       |       |       |       |       |    21 ||    21
Dodge: Dodged            |    70 |    48 |   138 |   498 |  1332 |   872 ||  2958
Block: Tower shield      |       |    75 |   255 |  1087 |  2664 |  1309 ||  5390

Table legend: (Time is in decaauts)
 A = Elapsed time spent in this place.
 B = Non-inter-level travel time spent in this place.
 C = Inter-level travel time spent in this place.
 D = Time resting spent in this place.
 E = Time spent auto-exploring this place.
 F = Levels seen in this place.
 G = Mean time per level.
                   A        B        C        D        E       F      G
               +--------+--------+--------+--------+--------+-----+--------+
         Total |  51051 |  49598 |   1453 |  22153 |  16500 |  29 | 1760.4 |
       Dungeon |  23329 |  22513 |    816 |   8486 |   8757 |  15 | 1555.3 |
        Temple |     50 |     44 |      6 |      0 |     32 |   1 |   50.0 |
          Lair |  14864 |  14533 |    331 |   6707 |   4793 |   6 | 2477.3 |
         Swamp |   6908 |   6845 |     63 |   3640 |   1994 |   4 | 1727.0 |
  Orcish Mines |   3177 |   2941 |    236 |   1218 |    909 |   2 | 1588.5 |
      Ice Cave |   2721 |   2721 |      0 |   2101 |     13 |   1 | 2721.0 |
               +--------+--------+--------+--------+--------+-----+--------+

Top non-repeatable levels by time:
     D:7: 3628 daAuts
  Lair:6: 3578 daAuts
  Lair:1: 3380 daAuts
   IceCv: 2721 daAuts
  Lair:2: 2603 daAuts
 Swamp:3: 2452 daAuts
    D:10: 2199 daAuts
     D:6: 2150 daAuts
 Swamp:2: 2059 daAuts
  Lair:3: 2045 daAuts
   Orc:2: 2000 daAuts
 Swamp:1: 1785 daAuts
  Lair:5: 1685 daAuts
    D:12: 1655 daAuts
     D:8: 1641 daAuts
